 Dungeon Crawl Stone Soup version 0.30-a0-920-g7493c07aab (webtiles) character file.

Game seed: 10971577390316397555

78 lunkers the Cudgeller (level 4, 0/36 HPs)
             Began as a Meteoran Reaver on Mar 22, 2023.
             Slain by Pargi (1 damage)
             ... in a sewer.
             The game lasted 00:04:05 (1083 turns).

lunkers the Cudgeller (Meteoran Reaver)             Turns: 1083, Time: 00:04:05

Health: 0/36       AC:  6    Str: 15    XL:     4   Next: 93%
Magic:  9/9        EV: 11    Int: 14    God:
Gold:   66         SH:  0    Dex: 13    Spells: 7/8 levels left

rFire   . . .      SeeInvis .    a - +0 mace
rCold   . . .      Faith    .    (no shield)
rNeg    . . .      Spirit   .    e - +0 ring mail
rPois   +          Reflect  .    (no helmet)
rElec   .          Rampage  .    (no cloak)
rCorr   .                        h - +0 pair of gloves
Will    .....                    (no boots)
Stlth   +                        (no amulet)
HPRegen 0.26/turn                d - ring of poison resistance
MPRegen 0.11/turn                (no ring)

@: attractive, flying, glowing
A: sense surroundings 1, otherworldly, glowing, explore regen
a: no special abilities


You were in a sewer.
You visited 1 branch of the dungeon, and saw 3 of its levels.
You also visited: Sewer.

You collected 66 gold pieces.

Inventory:

Hand Weapons
 a - a +0 mace (weapon)
Armour
 b - a +0 leather armour
 e - a +0 ring mail (worn)
 h - a +0 pair of gloves (worn)
Jewellery
 d - a ring of poison resistance (left hand)
Scrolls
 f - a scroll of fear
Potions
 c - a potion of resistance


   Skills:
 - Level 2.1 Fighting
 + Level 6.7 Maces & Flails
 - Level 2.4 Dodging
 - Level 2.6 Spellcasting
 - Level 3.6 Conjurations


You had 7 spell levels left.
You knew the following spells:

 Your Spells              Type           Power      Damage    Failure   Level
p - Kiss of Death         Conj/Necr      24%        2d7       22%         1

Your spell library contained the following spells:

 Spells                   Type           Power      Damage    Failure   Level
 Momentum Strike          Conj/Tloc      12%        3d8       32%         2
 Slow                     Hex            4%         N/A       41%         1
 Hailstorm                Conj/Ice       6%         3d4       54%         3
 Confusing Touch          Hex            1%         N/A       78%         3
 Vampiric Draining        Necr           1%         2d6       78%         3


Dungeon Overview and Level Annotations

Branches:
Dungeon (3/15) Zot: 823     Sewer (1/1) Zot: 468

Altars:

Annotations:
D:3 1 runed translucent door, Iniera's ghost, amateur DsFi Sewer Pargi


Innate Abilities, Weirdness & Mutations

You passively map a small area around you.
You are easily found by Zot.
You glow in the dark.
You regain HP and MP as you explore.


Message History

Pargi is moderately wounded.
Pargi bites you.
* * * LOW HITPOINT WARNING * * *
Pargi claws you but does no damage. Pargi closely misses you.
You miss Pargi.
Pargi is moderately wounded.
Pargi bites you.
* * * LOW HITPOINT WARNING * * *
Pargi claws you but does no damage. Pargi barely misses you.
You hit Pargi but do no damage.
Pargi is moderately wounded.
Pargi misses you. Pargi barely misses you. x2
You barely miss Pargi.
Pargi is moderately wounded.
Pargi barely misses you. Pargi closely misses you. Pargi claws you.
* * * LOW HITPOINT WARNING * * *
You miss Pargi.
Pargi is moderately wounded.
Pargi bites you.
* * * LOW HITPOINT WARNING * * *
Pargi claws you.
* * * LOW HITPOINT WARNING * * *
Pargi claws you but does no damage.
You hit Pargi but do no damage.
Pargi is lightly wounded.
Pargi bites you.
* * * LOW HITPOINT WARNING * * *
Pargi claws you but does no damage. x2
You hit Pargi but do no damage.
Pargi is lightly wounded.
Pargi misses you. Pargi claws you but does no damage. x2
You miss Pargi.
Pargi is lightly wounded.
Pargi barely misses you. Pargi claws you.
* * * LOW HITPOINT WARNING * * *
Pargi claws you but does no damage.
You hit Pargi.
Pargi is moderately wounded.
Pargi barely misses you. x2; Pargi claws you.
You die...

* #.~≈~.####
* #.~≈~.####
* +.~≈~.)..#
#.~≈~.####
####.~≈~.####
#∩....∩..).[#
####.~≈~.####
####.~≈~.####
#..'@~≈~.)..#
####T~≈~.####
####.~≈~.####
#..'.~≈~.'))#
####.~≈~.####
####.~≈~.####
#T.'.~≈~.'..#
#############
#~≈~#


You could see Pargi.

Vanquished Creatures
  2 adders
  A worm (D:2)
  5 orcs (D:3)
  3 ball pythons
  4 endoplasms
  9 goblins
  6 hobgoblins
  7 kobolds
  2 quokkas (D:2)
  4 bats
  A frilled lizard (D:3)
  3 rats (D:3)
47 creatures vanquished.

Notes
Turn   | Place    | Note
-------+----------+-------------------------------------------
     0 | D:1      | lunkers the Meteoran Reaver began the quest for the Orb.
     0 | D:1      | Reached XP level 1. HP: 17/17 MP: 5/5
    91 | D:1      | Reached XP level 2. HP: 23/24 MP: 6/6
   335 | D:2      | Reached skill level 5 in Maces & Flails
   335 | D:2      | Reached XP level 3. HP: 24/29 MP: 8/8
   634 | D:2      | Reached XP level 4. HP: 36/36 MP: 9/9
   677 | D:2      | Reached skill level 6 in Maces & Flails
   702 | D:3      | Found a runed translucent door.
   702 | D:3      | Noticed Iniera's ghost (amateur DsFi)
   940 | D:3      | Found a glowing drain.
   954 | Sewer    | Entered a sewer
  1048 | Sewer    | Noticed Pargi
  1082 | Sewer    | HP: 1/36 [Pargi (3)]
  1083 | Sewer    | Slain by Pargi

Illustrated notes

Levels and vault maps discovered:
D:1:      eino_arrival_druids_welcome, layout_basic
D:2:      cheibrodos_greedy_goblins, layout_loops_ring
D:3:      layout_loops_cross, portal_sewer_entry_d,
          hellmonk_ghost_happy_afterlife
Sewer:    kennysheep_door_sewer

Skill      XL: |  1  2  3  4 |
---------------+-------------+-----
Maces & Flails | 5 6 |  6.7
Fighting       | |  2.1
Dodging        | |  2.4
Spellcasting   | |  2.6
Conjurations   | |  3.6

Action                     |  1- 3 |  4- 6 || total
---------------------------+-------+-------++-------
  Melee: Mace              |    93 |    89 ||   182
         Punch             |     1 |       ||     1
    Use: Scroll            |       |     4 ||     4
         Potion            |       |     2 ||     2
 Armour: Ring mail         |    39 |    51 ||    90
         Leather armour    |     3 |       ||     3
  Dodge: Dodged            |    64 |    64 ||   128

Table legend: (Time is in decaauts)
 A = Elapsed time spent in this place.
 B = Non-inter-level travel time spent in this place.
 C = Inter-level travel time spent in this place.
 D = Time resting spent in this place.
 E = Time spent auto-exploring this place.
 F = Levels seen in this place.
 G = Mean time per level.
                   A        B        C        D        E       F      G
               +--------+--------+--------+--------+--------+-----+--------+
         Total |   1107 |   1075 |     32 |      0 |    623 |   4 |  276.8 |
       Dungeon |    976 |    944 |     32 |      0 |    558 |   3 |  325.3 |
         Sewer |    130 |    130 |      0 |      0 |     65 |   1 |  130.0 |
               +--------+--------+--------+--------+--------+-----+--------+

Top non-repeatable levels by time:
     D:2: 419 daAuts
     D:1: 283 daAuts
     D:3: 273 daAuts
   Sewer: 130 daAuts
